 Dungeon Crawl Stone Soup version 0.28.0-45-g0d030f2227 (webtiles) character file.

Game seed: 13968585769036755580

529 101zpm the Chiller (level 7, -2/38 HPs)
             Began as a Deep Elf Ice Elementalist on Apr 20, 2022.
             Was a Believer of the Shining One.
             Slain by Sigmund
             ... wielding a +4 scythe of protection
              (6 damage)
             ... on level 4 of the Dungeon.
             The game lasted 00:14:48 (6465 turns).

101zpm the Chiller (Deep Elf Ice Elementalist)      Turns: 6465, Time: 00:14:48

Health: -2/38      AC:  3    Str:  5    XL:     7   Next: 3%
Magic:  1/17       EV: 13    Int: 22    God:    the Shining One [**....]
Gold:   114        SH:  6    Dex: 15    Spells: 6/17 levels left

rFire   . . .      SeeInvis .   u - +0 hand crossbow
rCold   . . .      Faith    +   (no shield)
rNeg    + . .      Spirit   .   a - +0 robe
rPois   .          Reflect  .   (no helmet)
rElec   .          Harm     .   n - +0 cloak
rCorr   .          Rampage  .   (no gloves)
Will    +....                   (no boots)
Stlth   +.........              e - amulet of faith
HPRegen 0.12/turn               r - ring of willpower
MPRegen 0.15/turn               (no ring)

@: divinely shielded, freezing walls, very slightly contaminated, glowing
A: no striking features
a: Renounce Religion, Divine Shield


You were on level 4 of the Dungeon.
You worshipped the Shining One.
The Shining One was pleased with you.
You visited 1 branch of the dungeon, and saw 4 of its levels.

You collected 114 gold pieces.

Inventory:

Hand Weapons
 u - a +0 hand crossbow (weapon)
Missiles
 b - 66 stones
 g - 73 bolts (quivered ammo)
 i - 29 arrows
 m - a throwing net
 t - 4 javelins
Armour
 a - a +0 robe (worn)
 n - a +0 cloak (worn)
Magical Staves
 l - a staff of cold
Jewellery
 e - an amulet of faith (around neck)
 r - a ring of willpower (left hand)
Wands
 w - a wand of polymorph (15)
Scrolls
 d - 4 scrolls of identify {unknown}
 h - 2 scrolls of teleportation {unknown}
 o - a scroll of magic mapping {unknown}
 q - a scroll of noise {unknown}
 s - a scroll of enchant weapon {unknown}
 x - a scroll of amnesia {unknown}
Potions
 c - 2 potions of resistance {unknown}
 f - a potion of degeneration {unknown}
 j - a potion of might {unknown}
 k - a potion of invisibility {unknown}
 p - a potion of curing {unknown}
 v - a potion of brilliance {unknown}


   Skills:
 + Level 1.0 Fighting
 + Level 0.3(0.7) Maces & Flails
 + Level 1.3(1.4) Staves
 + Level 1.0 Crossbows
 + Level 3.9 Dodging
 + Level 3.2 Stealth
 + Level 5.9 Spellcasting
 + Level 6.6 Ice Magic


You had 6 spell levels left.
You knew the following spells:

 Your Spells              Type           Power      Damage    Failure   Level
a - Freeze                Ice            100%       1d11      1%          1
b - Frozen Ramparts       Ice            70%        1d9       1%          3
c - Ozocubu's Armour      Ice            35%        N/A       1%          3
d - Hailstorm             Conj/Ice       21%        3d6       22%         4

Your spell library contained the following spells:

 Spells                   Type           Power      Damage    Failure   Level
 Sublimation of Blood     Necr           6%         N/A       14%         2
 Wereblood                Tmut           6%         N/A       14%         2
 Summon Hydra             Summ           3%         N/A       100%        7


Dungeon Overview and Level Annotations

Branches:
Dungeon (4/15)
 Temple: D:4-7

Altars:
The Shining One

Annotations:
D:4 1 runed translucent door, Ablot's ghost, amateur GnCK; Sigmund


Message History

Confirm with . or Enter, or press ? or * to list all spells.
You miscast Ozocubu's Armour.
You are very lightly contaminated with residual magic.
Nothing appears to happen.
Casting: Ozocubu's Armour (safe; 1% risk of failure)
Confirm with . or Enter, or press ? or * to list all spells.
Okay, then.
Casting: Ozocubu's Armour (safe; 1% risk of failure)
Confirm with . or Enter, or press ? or * to list all spells.
The spell is quite dangerous to miscast (22% risk of failure)!
Continue anyway?
Okay, then.
Casting: Hailstorm (quite dangerous; 22% risk of failure)
Confirm with . or Enter, or press ? or * to list all spells.
The spell is quite dangerous to miscast (22% risk of failure)!
Continue anyway?
Casting: Hailstorm (quite dangerous; 22% risk of failure)
Press: ? - help, Dir - look around, f - activate A cannonade of hail descends around you!
The hail pelts Sigmund!
Sigmund is moderately wounded.
The wall freezes Sigmund!
Sigmund misses you.
Casting: Hailstorm (quite dangerous; 22% risk of failure)
Confirm with . or Enter, or press ? or * to list all spells.
You don't know that spell.
Unknown command.
Casting: Hailstorm (quite dangerous; 22% risk of failure)
Confirm with . or Enter, or press ? or * to list all spells.
The spell is quite dangerous to miscast (22% risk of failure)!
Continue anyway?
Casting: Hailstorm (quite dangerous; 22% risk of failure)
Press: ? - help, Dir - look around, f - activate You miscast Hailstorm.
Strange energies run through your body!
The wall freezes Sigmund!
Sigmund hits you from afar with a +4 scythe of protection!
* * * LOW HITPOINT WARNING * * *
A divine shield forms around you!
The wall freezes Sigmund.
Sigmund hits you from afar with a +4 scythe of protection.
* * * LOW HITPOINT WARNING * * *
The wall freezes Sigmund.
Sigmund hits you from afar with a +4 scythe of protection.
You die...

#........ #......
#######........###......
#...............##......
#.###########...##...... #.#
#..†##...... #####.#
#####...##..)... #.....##
#.[.............
##.###..######.###...##<.....
#...........@........##......
#.#######.@#########)##......
#[.............. #.........
##...........#@. #.....####
#.........#[## ###.....#
#..######.### #.......# #. ..
#PP.##### #.# ... #.P....#
#.################....#.#


You could see Sigmund.

Vanquished Creatures
  A water moccasin (D:4)
  A necrophage (D:4)
  A jelly (D:4)
  Terence (D:2)
  3 orc wizards
  11 gnolls
  An adder (D:3)
  An adder skeleton (D:4)
  A worm (D:4)
  A dart slug (D:3)
  9 orcs
  10 ball pythons
  2 bats
  3 endoplasms
  3 giant cockroaches
  7 goblins
  4 hobgoblins
  6 jackals (D:3)
  A quokka (D:2)
  3 frilled lizards (D:2)
  10 kobolds
  6 rats
86 creatures vanquished.

Vanquished Creatures (others)
  A plant (D:4)
1 creature vanquished.

Grand Total: 87 creatures vanquished

Notes
Turn   | Place    | Note
-------+----------+-------------------------------------------
     0 | D:1      | 101zpm the Deep Elf Ice Elementalist began the quest for
                  | the Orb.
     0 | D:1      | Reached XP level 1. HP: 10/10 MP: 6/6
   683 | D:1      | Reached XP level 2. HP: 8/15 MP: 2/8
  1380 | D:2      | Noticed Terence
  1458 | D:2      | Found a faded altar of an unknown god.
  1465 | D:2      | Prayed at the altar of an unknown god.
  1465 | D:2      | Became a worshipper of the Shining One
  1465 | D:2      | Reached * piety under the Shining One
  1498 | D:2      | Reached skill level 5 in Ice Magic
  1503 | D:2      | Killed Terence
  1504 | D:2      | Reached XP level 3. HP: 10/19 MP: 5/10
  2188 | D:2      | Learned a level 3 spell: Frozen Ramparts
  2195 | D:2      | Reached XP level 4. HP: 22/24 MP: 8/12
  2226 | D:2      | Learned a level 3 spell: Ozocubu's Armour
  3596 | D:3      | Reached XP level 5. HP: 28/28 MP: 9/13
  3866 | D:3      | Reached skill level 6 in Ice Magic
  4134 | D:3      | Reached skill level 5 in Spellcasting
  4141 | D:3      | Reached ** piety under the Shining One
  4740 | D:4      | Reached XP level 6. HP: 33/33 MP: 15/15
  4873 | D:4      | Noticed a water moccasin
  4884 | D:4      | Killed a water moccasin
  4885 | D:4      | Reached skill level 1 in Staves
  4936 | D:4      | The Shining One protects you from harm!
  5638 | D:3      | Learned a level 4 spell: Hailstorm
  6182 | D:4      | Found a runed translucent door.
  6183 | D:4      | Noticed Ablot's ghost (amateur GnCK)
  6399 | D:4      | Reached skill level 1 in Fighting
  6399 | D:4      | Reached skill level 1 in Crossbows
  6399 | D:4      | Reached XP level 7. HP: 36/38 MP: 14/17
  6453 | D:4      | Noticed Sigmund
  6465 | D:4      | Slain by Sigmund

Illustrated notes

Levels and vault maps discovered:
D:1:      dpeg_arrival_rooms_b, layout_loops_corners, minmay_misc_feat_rows,
          minmay_misc_feat_pillars
D:2:      layout_loops_ring, ebering_ecumenical_altar_sacrificial,
          serial_forest, infiniplex_forest_lined_corner,
          infiniplex_forest_lined_3, infiniplex_forest_pool,
          infiniplex_forest_end_3, infiniplex_forest_clump_small,
          grunt_decor_resistance, grunt_ministairs_6, minmay_tromino_v4_a,
          uniq_terence
D:3:      layout_rooms
D:4:      layout_basic, ebering_ghost_reflecting_pool, sigmund_edmund_badplayer

Skill      XL: |  1  2  3  4  5  6 |
---------------+-------------------+-----
Ice Magic      | 5 6 |  6.6
Spellcasting   | 4 5 |  5.9
Dodging        | 3 |  3.9
Staves         | 1 |  1.3
Stealth        | 3 |  3.2
Fighting       | 1 |  1.0
Crossbows      | 1 |  1.0
Maces & Flails | |  0.3

Action                   |  1- 3 |  4- 6 |  7- 9 || total
-------------------------+-------+-------+-------++-------
Melee: Whip              |    24 |       |       ||    24
       Staff             |     2 |    49 |       ||    51
       Punch             |       |     1 |       ||     1
 Fire: Hand crossbow     |       |    27 |       ||    27
 Cast: Freeze            |    31 |     6 |       ||    37
       Frozen Ramparts   |     1 |    24 |     1 ||    26
       Ozocubu's Armour  |       |     3 |       ||     3
       Hailstorm         |       |     1 |     1 ||     2
Invok: Divine Shield     |       |       |     1 ||     1
 Stab: Sleeping          |     1 |       |       ||     1
Armor: Robe              |     7 |    18 |       ||    25
Dodge: Dodged            |    34 |    96 |     1 ||   131
